 Dungeon Crawl Stone Soup version 0.28-a0-750-g7c675f85b1 (webtiles) character file.

Game seed: 14608023924368370828

110 ytrimaz the Chopper (level 4, 0/34 HPs)
             Began as a Demonspawn Gladiator on Oct 29, 2021.
             Slain by an orc (1 damage)
             ... on level 3 of the Dungeon.
             The game lasted 00:02:36 (2728 turns).

ytrimaz the Chopper (Demonspawn Gladiator)          Turns: 2728, Time: 00:02:36

Health: 0/34       AC: 12    Str: 15    XL:     4   Next: 61%
Magic:  4/4        EV: 12    Int:  9    God:
Gold:   173        SH:  0    Dex: 15    Spells: 3/3 levels left

rFire   . . .      SeeInvis .   l - +0 hand axe
rCold   . . .      Faith    .   (no shield)
rNeg    . . .      Spirit   .   b - +0 leather armour
rPois   .          Reflect  .   h - +2 helmet
rElec   .          Harm     .   (no cloak)
rCorr   +          Rampage  .   (no gloves)
Will    .....                   (no boots)
Stlth   +.........              (no amulet)
HPRegen 0.11/turn               j - ring of resist corrosion
MPRegen 0.09/turn               (no ring)

@: sanguine armoured
A: powered by death 1, sanguine armour 1
a: no special abilities


You were on level 3 of the Dungeon.
You visited 1 branch of the dungeon, and saw 3 of its levels.

You collected 173 gold pieces.

Inventory:

Hand Weapons
 a - a +0 war axe
 l - a +0 hand axe (weapon)
Missiles
 d - 3 throwing nets (quivered)
Armour
 b - a +0 leather armour (worn)
 h - a +2 helmet (worn)
Jewellery
 j - a ring of resist corrosion (left hand)
Scrolls
 c - a scroll of magic mapping
 g - 3 scrolls of amnesia
 i - a scroll of teleportation
 k - a scroll of acquirement {unknown}
Potions
 e - 2 potions of curing {unknown}
 f - a potion of heal wounds {unknown}


   Skills:
 + Level 2.7 Fighting
 + Level 4.2 Axes
 - Level 1.7 Throwing
 + Level 3.2 Dodging


You had 3 spell levels left.
You didn't know any spells.
Your spell library was empty.

Dungeon Overview and Level Annotations

Branches:
Dungeon (3/15)

Altars:


Innate Abilities, Weirdness & Mutations

You regenerate a little health from kills.
When seriously injured, your bleeding wounds create armour. (AC +6)


Message History

You slash the gnoll!
You kill the gnoll!
You barely miss the orc. The orc hits you but does no damage.
The orc barely misses you. The orc barely misses you.
Things that are here:
a +0 whip; a scroll of identify; a gnoll corpse You closely miss the orc. x2; The orc closely misses you.
The orc hits you but does no damage.
You hit the orc but do no damage. You barely miss the orc.
The orc hits you but does no damage. x2
You hit the orc but do no damage. You hit the orc.
The orc hits you with a +0 trident. The orc barely misses you.
You closely miss the orc. You hit the orc but do no damage.
The orc hits you but does no damage. x2
You hit the orc but do no damage. You hit the orc. The orc misses you.
The orc hits you with a +0 flail.
You hit the orc.
The orc is almost dead.
You hit the orc but do no damage. The orc hits you with a +0 trident.
* * * LOW HITPOINT WARNING * * *
The orc barely misses you. The orc closely misses you.
You hit the orc.
You kill the orc!
You barely miss the orc. The orc barely misses you.
Things that are here:
a +0 trident; a +0 scale mail; an orc corpse You closely miss the orc.
The orc is severely wounded.
The orc hits you with a +0 flail.
* * * LOW HITPOINT WARNING * * *
The orc barely misses you.
You hit the orc but do no damage.
The orc is heavily wounded.
The orc hits you with a +0 flail.
* * * LOW HITPOINT WARNING * * *
You completely miss the orc.
The orc is heavily wounded.
The orc hits you with a +0 flail.
You die...

o.o>..o.g.......##
g.#'######.......#
.J.......)...$...#
.#...............#
.#...............#
o#...............#
.#J...........<..#
.#.#...........o.#
##.#.......#####@#######
... #.......# .
#######.# #.o...#
#.##### #.# #.#
##################g#
)...........gJ.g.J.#


You could see an orc.

Vanquished Creatures
  Crazy Yiuf (D:2)
  A gnoll (D:3)
  4 dart slugs
  9 orcs (D:3)
  2 endoplasms
  A giant cockroach (D:2)
  4 goblins
  7 hobgoblins
  5 kobolds
  A quokka (D:1)
  7 ball pythons
  5 bats
  A frilled lizard (D:1)
  8 rats
56 creatures vanquished.

Notes
Turn   | Place    | Note
-------+----------+-------------------------------------------
     0 | D:1      | ytrimaz the Demonspawn Gladiator began the quest for the
                  | Orb.
     0 | D:1      | Reached XP level 1. HP: 16/16 MP: 1/1
   236 | D:1      | Reached skill level 3 in Axes
   236 | D:1      | Gained mutation: You regenerate a little health from kills.
                  | [demonic ancestry]
   236 | D:1      | Reached XP level 2. HP: 16/22 MP: 2/2
   659 | D:1      | Found a faded altar of an unknown god.
  1108 | D:1      | Reached XP level 3. HP: 27/27 MP: 3/3
  1672 | D:2      | Found a runed translucent door.
  1673 | D:2      | Noticed Crazy Yiuf
  2089 | D:2      | Killed Crazy Yiuf
  2090 | D:2      | Gained mutation: When seriously injured, your bleeding
                  | wounds create armour. (AC +6) [demonic ancestry]
  2090 | D:2      | Reached XP level 4. HP: 21/34 MP: 4/4
  2270 | D:3      | Reached skill level 4 in Axes
  2727 | D:3      | HP: 1/34 [orc (4)]
  2728 | D:3      | Slain by an orc

Illustrated notes

Levels and vault maps discovered:
D:1:      psy_arrival_whirlpool, layout_loops_corners,
          dreamdust_ecumenical_altar_hidden_monk_grotto, st_stairs_2,
          nrook_mini_backslash
D:2:      layout_basic, uniq_crazy_yiuf_cottage
D:3:      layout_basic

Skill      XL: |  1  2  3  4 |
---------------+-------------+-----
Axes           | 3 4 |  4.2
Dodging        | 3 |  3.2
Fighting       | |  2.7
Throwing       | |  1.7

Action                   |  1- 3 |  4- 6 || total
-------------------------+-------+-------++-------
Melee: War axe           |    89 |    18 ||   107
       Hand axe          |       |    49 ||    49
  Use: Scroll            |     3 |     1 ||     4
 Stab: Sleeping          |     1 |       ||     1
Armor: Leather armour    |    23 |    35 ||    58
Dodge: Dodged            |    67 |    82 ||   149

Table legend: (Time is in decaauts)
 A = Elapsed time spent in this place.
 B = Non-inter-level travel time spent in this place.
 C = Inter-level travel time spent in this place.
 D = Time resting spent in this place.
 E = Time spent auto-exploring this place.
 F = Levels seen in this place.
 G = Mean time per level.
                   A        B        C        D        E       F      G
               +--------+--------+--------+--------+--------+-----+--------+
         Total |   2767 |   2673 |     94 |    326 |   1853 |   3 |  922.3 |
       Dungeon |   2767 |   2673 |     94 |    326 |   1853 |   3 |  922.3 |
               +--------+--------+--------+--------+--------+-----+--------+

Top non-repeatable levels by time:
     D:2: 1271 daAuts
     D:1: 1201 daAuts
     D:3: 295 daAuts
